 Dungeon Crawl Stone Soup version 0.30.2 (webtiles) character file.

Game seed: 4518266369053322122

819 venomsnake the Trooper (level 7, -4/66 HPs)
             Began as a Minotaur Berserker on Nov 10, 2023.
             Was a Priest of Trog.
             Slain by an orc warrior
             ... wielding a +0 war axe
              (6 damage)
             ... in a bailey on Mar 24, 2024.
             The game lasted 00:11:51 (4342 turns).

venomsnake the Trooper (Minotaur Berserker)         Turns: 4342, Time: 00:11:51

Health: -4/66      AC:  7    Str: 23    XL:     7   Next: 63%
Magic:  6/6        EV: 11    Int:  4    God:    Trog [***...]
Gold:   214        SH:  0    Dex: 10    Spells: 6/6 levels left

rFire   . . .        a - +0 hand axe
rCold   . . .        (no shield)
rNeg    + . .        p - +0 scale mail
rPois   .            (helmet restricted)
rElec   .            (no cloak)
rCorr   .            (no gloves)
SInv    .            (no boots)
Will    .....        (no amulet) Stlth
                     o - ring of positive energy
HPRegen 0.31/turn    (no ring)
MPRegen 0.10/turn

%: no passive effects
@: no status effects
A: horns 2, retaliatory headbutt
a: Renounce Religion, Berserk, Trog's Hand


You were in a bailey.
You worshipped Trog.
Trog was most pleased with you.
You visited 1 branch of the dungeon, and saw 6 of its levels.
You also visited: Bailey.

You collected 214 gold pieces.

Inventory:

Hand Weapons
 a - a +0 hand axe (weapon)
Armour
 b - a +0 animal skin
 p - a +0 scale mail (worn)
Jewellery
 o - a ring of positive energy (left hand)
 u - a ring of positive energy
Scrolls
 d - 2 scrolls of vulnerability
 e - 3 scrolls of teleportation {unknown}
 f - a scroll of immolation {unknown}
 g - a scroll of enchant armour {unknown}
 h - 4 scrolls of amnesia {unknown}
 i - 2 scrolls of fog {unknown}
 m - 2 scrolls of poison {unknown}
 q - 5 scrolls of identify {unknown}
 r - a scroll of blinking {unknown}
Potions
 c - 4 potions of curing {unknown}
 j - 2 potions of mutation {unknown}
 k - a potion of magic {unknown}
 l - a potion of attraction {unknown}
 n - a potion of might {unknown}
 s - a potion of lignification {unknown}
 t - 2 potions of brilliance {unknown}


   Skills:
 * Level 7.1 Fighting
 + Level 6.7 Axes
 + Level 5.1 Armour
 + Level 3.8 Dodging
 + Level 1.0 Stealth


You had 6 spell levels left.
You didn't know any spells.
Your spell library was empty.

Dungeon Overview and Level Annotations

Branches:
Dungeon (8/15)             Bailey (1/1)
 Temple: D:4-7         Lair: D:8-11

Altars:
Hepliaklqana
Yredelemnul
The Shining One


Innate Abilities, Weirdness & Mutations

You have a pair of horns on your head.
You reflexively headbutt those who attack you in melee.


Message History

Trog accepts your kill.
You closely miss the orc.
The orc is severely wounded.
You hit the gnoll but do no damage.
You hit the orc warrior but do no damage.
The gnoll hits you but does no damage.
The orc warrior hits you with a +0 war axe!
The orc hits you with a +0 hand axe.
You barely miss the orc warrior. Your headbutt misses the orc warrior.
You closely miss the gnoll. You hit the orc but do no damage.
The gnoll misses you.
The orc warrior hits you with a +0 war axe.
The orc closely misses you. You furiously retaliate!
You headbutt the orc!
You kill the orc!
Trog accepts your kill.
You hit the orc warrior.
The orc warrior is lightly wounded.
You barely miss the gnoll. The gnoll hits you but does no damage.
The orc warrior hits you with a +0 war axe!
You barely miss the orc warrior.
The orc warrior is lightly wounded.
You hit the gnoll but do no damage. The gnoll hits you with a +0 hand axe!
The orc warrior hits you with a +0 war axe.
* * * LOW HITPOINT WARNING * * *
You hit the orc warrior but do no damage.
The orc warrior is lightly wounded.
You closely miss the gnoll. The gnoll barely misses you.
The orc warrior hits you with a +0 war axe!
* * * LOW HITPOINT WARNING * * *
You hit the orc warrior. Your headbutt misses the orc warrior.
The orc warrior is moderately wounded.
You barely miss the gnoll. The gnoll hits you with a +0 hand axe.
* * * LOW HITPOINT WARNING * * *
The orc warrior barely misses you.
You miss the orc warrior. Your headbutt misses the orc warrior.
The orc warrior is moderately wounded.
You hit the gnoll. The gnoll hits you with a +0 hand axe.
* * * LOW HITPOINT WARNING * * *
The orc warrior hits you with a +0 war axe.
You die...

#.......# #.......#
#######.......#####
≈≈≈≈≈≈.........≈≈≈≈
≈≈≈≈≈≈≈≈≈...≈≈≈≈≈≈≈
≈≈≈≈≈≈≈≈≈...≈≈≈≈≈≈≈
≈≈≈≈≈≈≈≈≈...≈≈≈≈≈≈≈
≈≈≈≈≈≈≈≈≈...≈≈≈≈≈≈≈
#####~~~~.@o~~~~###
#....))g....#
#####'''#####
+.....+ +.....+
#..⌠..# #.....#
#.....# #######


You could see an orc warrior and a gnoll.

Vanquished Creatures
  3 yaks (D:8)
  A black bear (D:4)
  A howler monkey (D:8)
  An iguana (D:4)
  An orc wizard (D:4)
  Robin (D:2)
  5 adders
  A white imp (D:8)
  A worm (D:2)
  A dart slug (D:1)
  10 orcs
  11 ball pythons
  9 bats
  10 endoplasms
  5 giant cockroaches
  8 hobgoblins
  8 jackals
  8 quokkas
  4 frilled lizards
  22 goblins
  3 kobolds
  2 rats (D:2)
116 creatures vanquished.

Notes
Turn   | Place    | Note
-------+----------+-------------------------------------------
     0 | D:1      | venomsnake the Minotaur Berserker began the quest for the
                  | Orb.
     0 | D:1      | Reached XP level 1. HP: 19/19 MP: 0/0
     8 | D:1      | Upgraded the game from 0.30.1-11-g7821555f0a to 0.30.2
   114 | D:1      | Reached XP level 2. HP: 23/27 MP: 1/1
   139 | D:1      | Reached skill level 4 in Fighting
   381 | D:1      | Found a faded altar of an unknown god.
   501 | D:1      | Reached ** piety under Trog
   789 | D:1      | Reached XP level 3. HP: 24/34 MP: 2/2
  1158 | D:2      | Reached XP level 4. HP: 38/41 MP: 3/3
  1252 | D:2      | Noticed Robin
  1260 | D:2      | Killed Robin
  1634 | D:3      | Found a glowing golden altar of the Shining One.
  1723 | D:3      | Reached skill level 5 in Fighting
  1733 | D:3      | Reached *** piety under Trog
  2291 | D:3      | Reached XP level 5. HP: 47/48 MP: 4/4
  2469 | D:4      | Noticed a black bear
  2501 | D:4      | Killed a black bear
  2502 | D:4      | Reached skill level 5 in Axes
  2721 | D:4      | Found a basalt altar of Yredelemnul.
  2721 | D:4      | Found a hazy altar of Hepliaklqana.
  2729 | D:4      | Reached XP level 6. HP: 37/57 MP: 5/5
  3477 | D:5      | Entered Level 5 of the Dungeon
  3477 | D:5      | You fall into a shaft and drop 3 floors!
  3563 | D:8      | Noticed a yak
  3584 | D:8      | Killed a yak
  3585 | D:8      | Reached skill level 6 in Fighting
  3750 | D:8      | Noticed a yak
  3751 | D:8      | Noticed a yak
  3766 | D:8      | Killed a yak
  3767 | D:8      | Reached skill level 1 in Stealth
  3767 | D:8      | Reached XP level 7. HP: 52/64 MP: 6/6
  3773 | D:8      | Killed a yak
  3774 | D:8      | Reached skill level 5 in Armour
  4034 | D:8      | Reached skill level 7 in Fighting
  4107 | D:8      | Found a flagged portal.
  4253 | Bailey   | Entered a bailey
  4342 | Bailey   | HP: 2/66 [gnoll/+0 hand axe (4)]
  4342 | Bailey   | Slain by an orc warrior

Illustrated notes

Levels and vault maps discovered:
D:1:      lightli_arrival_boilingwater, layout_loops_ring,
          chequers_ecumenical_altar_simple, st_stairs_7,
          nicolae_figureground_pulse
D:2:      layout_basic, st_stairs_12, uniq_robin
D:3:      layout_basic, mainiacjoe_overflow_tiny_flanked, st_stairs_3
D:4:      layout_cave_pods, chequers_temple_overflow_statue_of_worship
D:5:      layout_rooms, fedhas_ov_isle_minmay,
          mainiacjoe_overflow_cross_hatched, serial_rivers,
          chequers_serial_rivers_small_3, chequers_serial_rivers_small_3,
          chequers_serial_rivers_micro_b, chequers_serial_rivers_marsh,
          uniq_crazy_yiuf_cottage, uniq_menkaure, uniq_eustachio
D:8:      layout_basic, enter_bailey_3, minmay_misc_feat_cross
Bailey:   bailey_axe_of_yendor_kennysheep, bailey

Skill      XL: |  1  2  3  4  5  6  7 |
---------------+----------------------+-----
Fighting       | 4 5 6 7 |  7.1
Axes           | 4 5 6 |  6.7
Dodging        | 3 |  3.8
Armour         | 3 4 5 |  5.1
Stealth        | 1 |  1.0

Action                     |  1- 3 |  4- 6 |  7- 9 || total
---------------------------+-------+-------+-------++-------
  Melee: Hand axe          |    67 |   125 |    39 ||   231
         Headbutt          |     9 |    20 |     8 ||    37
         Punch             |     2 |     2 |     1 ||     5
    Use: Scroll            |       |     1 |       ||     1
   Stab: Sleeping          |     1 |       |       ||     1
 Armour: Animal skin       |    12 |    11 |       ||    23
         Scale mail        |       |    30 |    14 ||    44
  Dodge: Dodged            |    53 |    57 |    22 ||   132
